 Dungeon Crawl Stone Soup version 0.25-a0-356-g7c9d860b3b (webtiles) character file.

Game seed: 3578881375309344249, levelgen mode: deterministic

333 night the Sneak (level 6, -2/38 HPs)
             Began as a Gargoyle Assassin on Jan 3, 2020.
             Killed by divine providence
             ... invoked by an orc priest
              (17 damage)
             ... on level 4 of the Dungeon.
             The game lasted 00:07:39 (3506 turns).

night the Sneak (Gargoyle Assassin)                 Turns: 3506, Time: 00:07:40

Health: -2/38      AC: 11    Str: 16    XL:     6   Next: 53%
Magic:  6/6        EV: 10    Int: 11    God:
Gold:   187        SH:  0    Dex: 12    Spells: 5/5 levels left

rFire    . . .     SeeInvis .   a - +2 dagger
rCold    . . .     Gourm    .   (no shield)
rNeg     + . .     Faith    .   l - +0 scale mail
rPois    ∞         Spirit   .   (no helmet)
rElec    +         Reflect  .   c - +0 cloak
rCorr    .         Harm     .   (no gloves)
MR       .....                  (no boots)
Stlth    +++.......             (no amulet)
HPRegen  0.12/turn              t - ring of stealth
MPRegen  0.10/turn              (no ring)

@: no status effects
A: negative energy resistance 1, electricity resistance, unbreathing,
petrification resistance, rot immunity, AC +4
a: no special abilities


You were on level 4 of the Dungeon.
You were not hungry.

You visited 1 branch of the dungeon, and saw 5 of its levels.

You collected 187 gold pieces.

Inventory:

Hand Weapons
 a - a +2 dagger (weapon)
Missiles
 d - 10 poisoned darts (quivered)
 e - 2 curare-tipped darts
 j - 6 boomerangs
Armour
 b - a +0 robe
 c - a +0 cloak (worn)
 l - a +0 scale mail (worn)
Jewellery
 t - a ring of stealth (left hand)
Scrolls
 g - a scroll of amnesia {unknown}
 o - a scroll of remove curse {unknown}
 p - a scroll of magic mapping {unknown}
 q - 2 scrolls of enchant armour {unknown}
 r - a scroll of blinking {unknown}
 s - a scroll of fear {unknown}
 u - a scroll of teleportation {unknown}
Potions
 i - a potion of curing {unknown}
 k - a potion of might {unknown}
 m - 2 potions of flight {unknown}
 n - 2 potions of brilliance {unknown}
 v - a potion of heal wounds {unknown}
Comestibles
 f - 6 rations
 h - 2 chunks of flesh


   Skills:
 + Level 4.1 Fighting
 + Level 3.3 Short Blades
 - Level 1.7 Throwing
 + Level 2.6 Dodging
 + Level 5.8 Stealth


You had 5 spell levels left.
You didn't know any spells.
Your spell library was empty.

Dungeon Overview and Level Annotations

Branches:
Dungeon (5/15)
 Temple: D:4-7

Altars:
Wu Jian
The Shining One

Annotations:
D:3 1 runed translucent door, Guilu's ghost, amateur HOFi


Innate Abilities, Weirdness & Mutations

You are resistant to torment.
Your stone body is resilient. (AC +4)
You are immune to poison.
You resist negative energy. (rN+)
You are resistant to electric shocks. (rElec)
You can survive without breathing.
You are immune to petrification.
You are immune to rotting.


Message History

You hit the orc priest but do no damage.
The orc priest is heavily wounded.
The orc priest hits you with a +0 trident.
You hit the orc priest.
The orc priest is heavily wounded.
The orc priest begins to cast a cantrip, but forgets the words!
You hit the orc priest.
The orc priest is severely wounded.
You hit the orc priest but do no damage.
The orc priest is severely wounded.
The orc priest misses you.
You closely miss the orc priest.
The orc priest is severely wounded.
The orc priest hits you but does no damage.
You closely miss the orc priest.
The orc priest is severely wounded.
The orc closely misses you.
The orc priest mumbles some strange prayers to Beogh against you.
Beogh smites you!
You die...

###..#
##.......#
##....#
#........##
##.....#
#.........#
##.....##
#.........#
##.....##
#.........#
#...#.##
#.........#
..##..#
#.........#
.....##
#..>.....##
####..#
##..@....#
#.# #..oo...#
.# #.......#
##.....##
#.....# .
##....# ...
###...##
.....##...###
..o....o###


You could see an orc priest and an orc.

Vanquished Creatures
  A howler monkey (D:4)
  A hound (D:4)
  An orc wizard (D:3)
  3 worker ants
  8 adders
  An ooze (D:1)
  5 worms
  3 dart slugs
  A leopard gecko (D:4)
  4 orcs
  2 ball pythons
  12 bats
  4 giant cockroaches
  7 goblins
  8 hobgoblins
  4 jackals (D:2)
  3 frilled lizards
  6 kobolds
  A quokka zombie (D:3)
  7 rats
82 creatures vanquished.

Notes
Turn   | Place    | Note
-------+----------+-------------------------------------------
     0 | D:1      | night the Gargoyle Assassin began the quest for the Orb.
     0 | D:1      | Reached XP level 1. HP: 12/12 MP: 1/1
   378 | D:1      | Reached skill level 1 in Dodging
   378 | D:1      | Reached XP level 2. HP: 15/18 MP: 2/2
   764 | D:1      | Reached XP level 3. HP: 18/22 MP: 3/3
  1098 | D:2      | Found a faded altar of an unknown god.
  1376 | D:2      | Reached XP level 4. HP: 20/28 MP: 4/4
  1584 | D:2      | Reached skill level 5 in Stealth
  1592 | D:2      | Found an ornate altar of the Wu Jian Council.
  2143 | D:3      | Reached XP level 5. HP: 26/32 MP: 5/5
  2408 | D:3      | Noticed Guilu's ghost (amateur HOFi)
  2436 | D:3      | Found a runed translucent door.
  2592 | D:3      | Found a glowing golden altar of the Shining One.
  2785 | D:3      | Reached XP level 6. HP: 13/38 MP: 6/6
  3228 | D:5      | Entered Level 5 of the Dungeon
  3506 | D:4      | Killed from afar by an orc priest

Levels and vault maps discovered:
D:1:      nzn_arrival_depleted_hourglass, layout_rooms
D:2:      layout_loops_cross, lemuel_crystal_altar,
          chequers_ecumenical_altar_island
D:3:      layout_basic, old_standard_altar, hellmonk_ghost_happy_afterlife
D:4:      layout_cave_pods, gammafunk_temple_overflow_elements,
          portal_sewer_entry_b, first_ration, grunt_decor_one_mirror
D:5:      layout_cave_pools, minmay_temple_entry_junction, serial_bayou_ford_a

Skill      XL: |  1  2  3  4  5  6 |
---------------+-------------------+-----
Short Blades   | 2 3 |  3.3
Dodging        | 1 2 |  2.6
Fighting       | 3 4 |  4.1
Stealth        | 5 |  5.8
Throwing       | |  1.7

Action                   |  1- 3 |  4- 6 || total
-------------------------+-------+-------++-------
Melee: Dagger            |   142 |   291 ||   433
Throw: Dart              |     4 |       ||     4
 Stab: Sleeping          |     4 |     4 ||     8
  Eat: Chunk             |     2 |     7 ||     9
Armor: Robe              |    41 |       ||    41
       Scale mail        |    18 |   148 ||   166
Dodge: Dodged            |    62 |   162 ||   224

Table legend:
 A = Non-vault XP
 B = Vault XP
 C = Vault XP percentage of total XP
 D = Non-vault monster count
 E = Vault monster count
 F = Vault count percentage of total count
                 A         B        C        D         E       F
            +---------+---------+-------+---------+---------+-------
      Total |     477 |       0 |   0.0 |      82 |       0 |   0.0
            +---------+---------+-------+---------+---------+-------
        D:1 |      46 |       0 |   0.0 |      24 |       0 |   0.0
        D:2 |      80 |       0 |   0.0 |      22 |       0 |   0.0
        D:3 |     180 |       0 |   0.0 |      28 |       0 |   0.0
        D:4 |     163 |       0 |   0.0 |       6 |       0 |   0.0
        D:5 |       8 |       0 |   0.0 |       2 |       0 |   0.0
            +---------+---------+-------+---------+---------+-------
